Map: New Gettysburg LE

Players

Gracz - Winner!

  • Race: Protoss Protoss
  • League: Silver

CaptinCrush

  • Race: Zerg Zerg
  • League: Silver

VOD

Have the link to the VOD?

Description

Time

  • Played on: Oct. 14, 2016, 3:01 p.m.
  • Length: 25:07
Show
View Real Time Build Order
Export as new Build Order

Gracz Protoss - Winner!

Build Orders:  

Get SALT Encoding   

  12  0:01  Probe (Chrono Boost)  
  13  0:15  Pylon  
  13  0:19  Probe (Chrono Boost)  
  14  0:30  Probe (Chrono Boost)  
  15  0:40  Probe (Chrono Boost)  
  16  0:43  Assimilator  
  16  0:46  Pylon  
  16  0:51  Probe (Chrono Boost)  
  17  1:07  Assimilator  
  16  1:30  Gateway x2  
  16  1:37  Gateway  
  16  1:39  Gateway  
  16  1:49  Gateway x2  
  16  1:53  Probe (Chrono Boost)  
  17  2:03  Probe (Chrono Boost)  
  18  2:14  Probe (Chrono Boost)  
  19  2:24  Probe (Chrono Boost)  
  20  2:31  Pylon  
  20  2:37  Cybernetics Core  
  20  2:43  Probe (Chrono Boost)  
  21  2:45  Pylon  
  21  2:52  Assimilator  
  21  2:54  Probe (Chrono Boost)  
  22  3:04  Probe (Chrono Boost)  
  23  3:09  Warp Gate  
  23  3:13  Nexus  
  23  3:21  Adept  
  25  3:33  Mothership Core (Chrono Boost)  
  27  3:34  Adept  
  27  3:40  Adept  
  31  4:07  Probe (Chrono Boost)  
  32  4:19  Probe (Chrono Boost)  
  32  4:23  Robotics Facility  
  33  4:24  Robotics Facility  
  33  4:31  Probe (Chrono Boost)  
  34  5:51  Probe (Chrono Boost)  
  34  5:52  Probe (Chrono Boost)  
  34  5:53  Immortal x2  
  34  5:55  Stalker  
  34  5:56  Stalker  
  34  5:57  Stalker x3  
  50  6:01  Probe (Chrono Boost)  
  56  6:04  Probe (Chrono Boost)  
  56  6:12  Twilight Council  
  56  6:16  Pylon  
  56  6:24  Stargate  
  57  6:26  Assimilator, Probe (Chrono Boost)  
  57  6:27  Probe (Chrono Boost)  
  57  6:29  Assimilator  
  58  6:39  Probe (Chrono Boost)  
  53  7:04  Stalker x3  
  53  7:05  Stalker  
  61  7:15  Void Ray  
  61  7:19  Probe (Chrono Boost)  
  61  7:20  Probe (Chrono Boost)  
  67  7:29  Probe (Chrono Boost)  
  68  7:32  Probe (Chrono Boost)  
  69  7:41  Nexus  
  69  7:43  Pylon  
  70  7:44  Probe (Chrono Boost)  
  70  7:47  Pylon  
  70  7:51  Pylon  
  70  7:53  Pylon  
  70  8:01  Immortal x2  
  78  8:14  Stargate  
  78  8:17  Stargate  
  78  8:21  Probe (Chrono Boost)  
  78  8:22  Probe (Chrono Boost)  
  80  8:31  Probe (Chrono Boost)  
  82  8:34  Probe (Chrono Boost)  
  82  9:12  Stalker x2  
  82  9:13  Stalker x3  
  92  9:26  Templar Archives  
  92  9:27  Fleet Beacon, Robotics Bay  
  92  9:32  Probe (Chrono Boost)  
  92  9:33  Probe (Chrono Boost)  
  92  9:34  Probe (Chrono Boost)  
  92  9:35  Stalker  
  92  9:36  Stalker, Blink  
  92  9:37  Stalker  
  101  9:42  Probe (Chrono Boost)  
  101  9:44  Probe (Chrono Boost)  
  104  9:47  Probe (Chrono Boost)  
  104  9:50  Assimilator  
  104  9:53  Probe (Chrono Boost)  
  104  9:55  Assimilator  
  105  10:20  Probe x2 (Chrono Boost)  
  108  10:22  Probe (Chrono Boost)  
  108  10:30  Probe (Chrono Boost)  
  108  10:31  Probe (Chrono Boost)  
  108  10:34  Probe (Chrono Boost)  
  111  10:41  Probe x2 (Chrono Boost)  
  113  10:46  Probe (Chrono Boost)  
  114  10:52  Probe x2 (Chrono Boost)  
  117  10:58  Probe (Chrono Boost)  
  89  11:37  Stalker  
  89  11:38  Stalker x4  
  99  11:45  Immortal x2  
  105  11:55  Robotics Facility  
  105  11:57  Robotics Facility  
  105  11:59  Robotics Facility, Tempest x3  
  103  12:09  Stalker x4  
  103  12:10  Stalker  
  109  12:26  Nexus  
  101  12:30  Pylon  
  101  12:34  Pylon  
  97  12:38  Assimilator  
  97  12:40  Assimilator, Stalker x3  
  97  12:41  Stalker x2  
  97  13:37  Stalker x3  
  97  13:38  Stalker  
  97  14:18  Nexus  
  97  14:29  Nexus  
  97  14:31  Pylon  
  97  14:33  Psionic Storm  
  97  14:35  Pylon  
  97  14:38  Pylon  
  97  14:45  Stargate  
  97  14:49  Pylon  
  97  14:53  Pylon, Gateway  
  97  14:55  Immortal  
  97  14:56  Disruptor, Colossus, Immortal x2  
  97  14:58  Gateway  
  116  15:00  Assimilator, Gateway x2  
  116  15:04  Assimilator  
  98  15:26  Stalker x3  
  98  15:27  Stalker  
  104  15:35  Stalker  
  106  15:51  Tempest x3  
  83  16:31  Stalker x2  
  83  16:32  Stalker  
  81  16:33  Stalker  
  81  16:34  Stalker  
  85  16:53  Stalker  
  87  17:17  Carrier  
  87  17:18  Carrier  
  87  17:20  Mothership Core (Chrono Boost)  
  87  17:21  Stalker x5  
  87  17:22  Stalker x4  
  119  17:37  Warp Prism  
  121  18:02  Nexus  
  121  18:04  Stalker  
  121  18:05  Pylon  
  72  19:02  Stalker  
  70  19:03  Stalker  
  70  19:04  Stalker  
  70  19:05  Stalker  
  70  19:06  Stalker x4  
  70  19:07  Stalker  
  74  19:31  Stalker  
  74  19:32  Stalker x2  
  74  19:33  Stalker x2  
  74  19:34  Stalker x3  
  74  20:06  Stalker x4  
  76  20:07  Stalker  
  71  20:39  Stalker  
  79  21:07  Probe (Chrono Boost)  
  79  21:09  Probe x2 (Chrono Boost)  
  82  21:15  Stalker  
  82  21:18  Probe (Chrono Boost)  
  85  21:21  Stalker x2, Probe (Chrono Boost)  
  90  21:32  Colossus  
  96  21:51  Nexus  
  96  21:57  Pylon  
  96  22:01  Pylon  
  96  22:05  High Templar x2  
  96  22:06  Pylon, High Templar  
  102  22:08  High Templar  
  102  22:11  Pylon  
  104  22:18  Stalker x2  
  108  22:28  High Templar x3  
  114  22:38  Archon  
  114  22:39  Archon x2  
  114  22:42  Stalker  
  114  22:43  High Templar  
  118  22:44  High Templar  
  118  22:45  High Templar  
  122  23:11  Stalker  
  122  23:12  Stalker x4  
  128  23:19  Stalker  
  134  23:20  Stalker x3  
  134  23:25  Immortal  
Show
View Real Time Build Order
Export as new Build Order

CaptinCrush Zerg 

Build Orders: Pool First 

Get SALT Encoding   

  12  0:02  Drone  
  13  0:12  Drone  
  14  0:18  Overlord  
  14  0:24  Extractor, Drone  
  15  0:42  Spawning Pool, Drone  
  15  0:52  Extractor, Drone  
  15  0:53  Drone  
  15  0:56  Drone  
  17  1:07  Drone  
  18  1:22  Drone  
  19  1:32  Zergling x2  
  20  1:35  Queen  
  22  1:51  Hatchery  
  22  1:52  Drone  
  22  2:23  Overlord  
  22  2:24  Overlord x2  
  22  2:37  Metabolic Boost, Extractor  
  22  2:39  Drone  
  22  2:50  Drone  
  22  2:51  Drone  
  24  2:56  Drone  
  25  3:03  Drone x2  
  27  3:11  Lair  
  27  3:15  Queen  
  27  3:16  Drone  
  27  3:17  Drone  
  31  3:35  Drone x2  
  33  3:49  Roach Warren  
  33  3:51  Drone x2  
  33  3:52  Drone  
  35  4:00  Spore Crawler  
  34  4:06  Spore Crawler  
  33  4:14  Drone  
  35  4:24  Drone  
  35  4:25  Drone x4  
  39  4:31  Drone  
  39  4:32  Extractor  
  39  4:45  Drone  
  40  4:46  Drone x2  
  40  4:47  Drone  
  43  5:05  Spine Crawler  
  40  5:11  Roach x2  
  40  5:12  Zergling x8  
  48  5:17  Zergling x10  
  49  5:46  Drone x2  
  49  5:48  Overlord  
  51  6:04  Glial Reconstitution  
  51  6:12  Drone  
  51  6:13  Drone  
  50  7:04  Overlord x2  
  50  7:06  Zergling x2  
  51  7:14  Extractor  
  50  7:22  Queen  
  52  7:24  Baneling Nest  
  52  7:28  Spore Crawler  
  50  7:35  Spine Crawler  
  49  7:38  Spine Crawler  
  48  7:52  Drone x2  
  50  8:16  Evolution Chamber  
  49  8:20  Overseer  
  49  8:21  Evolution Chamber  
  49  8:27  Overlord x2  
  48  8:33  Drone  
  48  8:34  Drone  
  50  8:35  Spore Crawler  
  49  8:55  Hydralisk Den  
  48  9:03  Spore Crawler  
  47  9:37  Spire  
  46  9:41  Drone x3  
  46  9:42  Drone x2  
  51  9:59  Hatchery  
  50  10:00  Zerg Melee Weapons Level 1  
  50  10:01  Zerg Missile Weapons Level 1  
  50  10:02  Centrifical Hooks  
  50  10:09  Hatchery  
  49  10:15  Muscular Augments  
  49  10:21  Drone  
  49  10:22  Drone  
  49  10:24  Overlord x3  
  51  10:43  Zergling x12  
  51  10:44  Zergling x12  
  51  10:45  Zergling x12  
  51  10:46  Zergling x10  
  51  10:47  Zergling x10  
  46  11:25  Zergling x2  
  46  11:26  Zergling x12  
  46  11:27  Zergling x10  
  49  11:35  Drone x2  
  49  11:36  Drone  
  52  11:40  Drone x2  
  52  11:43  Queen  
  52  11:45  Queen  
  55  11:58  Zergling x12  
  55  11:59  Zergling x12  
  55  12:00  Zergling x4  
  57  12:30  Drone x2  
  57  12:31  Drone  
  57  12:33  Drone x3  
  62  12:39  Extractor  
  62  12:41  Extractor  
  60  12:48  Mutalisk x2  
  60  12:49  Mutalisk x6  
  60  12:50  Mutalisk x6  
  88  12:58  Zergling x6  
  87  12:59  Zergling x2  
  78  13:41  Zergling x10  
  74  13:42  Zergling x12  
  74  13:43  Zergling x2  
  71  14:09  Corruptor x5  
  66  14:10  Corruptor x2  
  66  14:11  Roach x2  
  66  14:12  Roach x2, Zergling x6  
  66  14:13  Zergling x2  
  88  14:19  Overlord  
  88  14:22  Overlord  
  88  14:37  Extractor  
  67  15:18  Zergling x8  
  67  15:19  Zergling x12  
  67  15:20  Zergling x12  
  67  15:21  Zergling x10  
  82  15:22  Zergling x8  
  84  15:54  Zergling x10  
  84  15:55  Zergling x8  
  84  15:56  Zergling x12  
  100  15:57  Zergling x2  
  100  16:08  Zergling x8  
  100  16:09  Zergling x2  
  93  16:24  Mutalisk x5  
  93  16:25  Mutalisk x4  
  98  16:27  Overlord  
  98  16:28  Overlord  
  98  17:17  Infestation Pit  
  97  17:37  Zergling x2, Hatchery  
  97  17:38  Roach  
  97  17:39  Roach x4  
  97  17:40  Zergling x10  
  97  17:41  Zergling x10  
  97  17:42  Zergling x2  
  118  17:52  Drone  
  119  18:09  Drone  
  119  18:12  Overlord x2  
  120  18:19  Hive  
  120  18:26  Zerg Melee Weapons Level 2  
  120  18:27  Zerg Missile Weapons Level 2  
  99  18:43  Swarm Host x2  
  99  18:45  Zergling x10  
  99  18:46  Zergling x6  
  106  18:49  Corruptor x3  
  108  19:05  Zergling x8  
  108  19:06  Zergling x4  
  114  19:12  Burrow  
  79  20:03  Corruptor x2  
  79  20:04  Corruptor x6  
  70  20:39  Greater Spire  
  70  20:56  Hydralisk x3  
  70  20:57  Hydralisk x4  
  72  20:58  Hydralisk  
  72  21:00  Zergling x2  
  87  21:06  Queen  
  89  21:22  Drone x3  
  92  21:42  Zerg Ground Armor Level 1  
  92  21:43  Zerg Melee Weapons Level 3  
  92  22:05  Brood Lord  
  94  22:09  Brood Lord  
  94  22:11  Brood Lord  
  94  22:14  Corruptor x5  
  94  22:15  Corruptor  
  110  22:21  Extractor  
  109  22:24  Extractor  
  108  22:41  Drone  
  108  22:42  Drone  
  110  22:56  Zerg Flyer Weapons Level 1  
  110  23:00  Corruptor  
  110  23:01  Corruptor x4  
  120  23:06  Drone x5  
  120  23:07  Drone x6  
  120  23:08  Drone  
  132  23:23  Overlord x2  
  132  23:35  Zergling x4  
  132  23:36  Mutalisk x3, Zergling x2  
  132  23:41  Overlord x2  
  107  24:14  Zergling x6  
  107  24:15  Zergling x12  
  107  24:16  Zergling x10  
  107  24:17  Zergling x12  
  103  24:18  Zergling x8  
  103  24:25  Zergling x2  
  103  24:26  Zergling x12  
  103  24:27  Zergling x6  
  105  24:42  Zergling x2  
  105  24:43  Zergling x12  
  105  24:44  Zergling x10  
  105  24:45  Zergling x2  
Tags
 
Add a new tag
Caveats
  • Supply blocks, unpowered buildings, or Contaminate may cause inaccurate times.
  • Supply counts are checked every 10 seconds.